 Dungeon Sprint DCSS version 0.21.0-26-g889b8f6 (webtiles) character file.

16981 wojtek the Executioner (level 12, 0/186 HPs)
             Began as a Minotaur Berserker on Jan 27, 2018.
             Was the Champion of Trog.
             Slain by an ice dragon (6 damage)
             ... in the Dungeon (Sprint III: "The Ten Rune Challenge").
             The game lasted 00:08:07 (3409 turns).

wojtek the Executioner (Minotaur Berserker)         Turns: 3409, Time: 00:08:08

Health: 0/186      AC: 15    Str: 33    XL:     12   Next: 14%
Magic:  11/11      EV: 16    Int:  4    God:    Trog [******]
Gold:   4212       SH:  0    Dex:  9    Spells: 11/11 levels left

rFire    . . .     SeeInvis .   a - +4 executioner's axe (chop)
rCold    . . .     Gourm    .   (shield currently unavailable)
rNeg     . . .     Faith    .   s - +0 chain mail
rPois    .         Spirit   .   (helmet restricted)
rElec    .         Reflect  .   k - +0 cloak
rCorr    .         Harm     .   (no gloves)
MR       .....     NoTele   +   (no boots)
Stlth    ..........             (no amulet)
HPRegen  0.41/turn              (no ring)
MPRegen  0.12/turn              (no ring)

@: berserking, very quick
A: retaliatory headbutt, horns 2
a: Berserk, Trog's Hand, Brothers in Arms, Burn Spellbooks, Renounce Religion


You were in the Dungeon.
You worshipped Trog.
Trog was exalted by your worship.
You were very hungry.

You visited 1 branch You collected 4212 gold pieces.

Inventory:

Hand Weapons
 a - a +4 executioner's axe of chopping (weapon)
 b - the +4 war axe "Tirchack" {chop, rF+}
   (Trog gifted it to you in the Dungeon)

   It inflicts extra damage upon your enemies.
   It protects you from fire.
 j - a +6 antimagic battleaxe
 u - a +5 quarterstaff of speed
 v - a +3 antimagic battleaxe
 w - a +1 battleaxe of draining
 B - a +1 antimagic battleaxe
Missiles
 t - 9 throwing nets (quivered)
Armour
 k - a +0 cloak (worn)
 s - a +0 chain mail (worn)
 y - a +1 chain mail of cold resistance
 A - the +3 hat of Pondering {ponderous, MR+ MP+10 Int+5}
   (You took it off Gastronok in the Dungeon)

   It affects your intelligence (+5).
   It affects your resistance to hostile enchantments.
   It affects your magic capacity (+10).
Jewellery
 C - an uncursed ring of magical power {unknown}
Scrolls
 i - 3 scrolls of blinking
 l - a scroll of immolation {unknown}
 m - 3 scrolls of identify
 n - 3 scrolls of remove curse
 p - a scroll of torment {unknown}
Potions
 d - 4 potions of curing
 e - 3 potions of heal wounds
 f - a potion of haste
 g - 2 potions of magic
 h - 2 potions of berserk rage
 o - 2 potions of flight {unknown}
 q - 6 potions of mutation
 r - 2 potions of might
Miscellaneous
 x - a lightning rod (4/4)
Comestibles
 c - 13 rations


   Skills:
 + Level 16.4 Fighting
 * Level 21.6 Axes
 + Level 16.2 Armour
 + Level 15.1 Dodging


You had 11 spell levels left.
You didn't know any spells.

Dungeon Overview and Level Annotations

Branches:
Dungeon (1/1)

Altars:
Cheibriados
Dithmenos
Elyvilon
Fedhas
Gozag
Hepliaklqana
Kikubaaqudgha
Makhleb
Nemelex Xobeh
Okawaru
Qazlal
Ru
Sif Muna
Trog
Uskayaw
Vehumet
Wu Jian
Xom
Yredelemnul
Zin
The Shining One
Beogh
Jiyva
Lugonu

Shops:
D %


Innate Abilities, Weirdness & Mutations

You reflexively headbutt those who attack you in melee.
You have a pair of horns on your head.


Message History

The ice dragon is almost dead.
You slice the ice dragon!! The ice dragon breathes frost at you.
The blast of cold hits you!
* * * LOW HITPOINT WARNING * * *
The blast of cold hits the ice dragon.
The ice dragon resists.
You hit the ice dragon.
The ice dragon is almost dead.
You hit the ice dragon but do no damage.
The ice dragon is engulfed in freezing vapours.
The ice dragon breathes frost at you. The blast of cold hits you!
* * * LOW HITPOINT WARNING * * *
The blast of cold hits the ice dragon.
The ice dragon resists.
The ice dragon dies!
You barely miss the ice dragon. Your headbutt misses the ice dragon.
The ice dragon is moderately wounded.
The ice dragon is engulfed in freezing vapours.
The ice dragon bites you.
You die...

▓...#≈≈≈§§§≈.≈♣ ###+
▓##'####'#######♣
▓........).....)♣♣
▓#+#############÷♣
JJJ#≈P...†......♣
▓..J+≈≈...########♣♣
▓.JJ#≈≈≈..........P♣
▓...#≈≈≈≈.........P♣
#+#############@####
#D♣♣ #♣Z♣ ♣.♣♣ ♣♣.♣
♣.♣♣ ♣D♣ ♣.. ♣♣.♣


You could see an ice dragon and a swamp drake simulacrum.

Vanquished Creatures
  Gastronok (D)
  2 dire elephants (D)
  Erolcha (D)
  4 death yaks (D)
  A deep elf mage (D)
  2 elephants (D)
  2 black mambas (D)
  2 spiny frogs (D)
  A rime drake (D)
  A komodo dragon (D)
  A queen bee (D)
  8 blink frogs (D)
  2 redbacks (D)
  A shadow (D)
  A spatial vortex (D)
  A swamp drake (D)
  A necrophage (D)
  5 two-headed ogres (D)
  A water elemental (D)
  32 killer bees (D)
  3 wandering mushrooms (D)
  Crazy Yiuf (D)
  A jelly (D)
  An orc priest (D)
  An orc wizard (D)
  A wizard (D)
  Jessica (D)
  A necromancer (D)
  3 humans (D)
  A kobold demonologist (D)
  2 oozes (D)
  7 orcs (D)
  A rat (D)
94 creatures vanquished.

Vanquished Creatures (collateral kills)
  Rupert (D)
  An orc sorcerer (D)
  2 orc priests (D)
  3 orc wizards (D)
  3 orcs (D)
10 creatures vanquished.

Vanquished Creatures (others)
  2 draconian scorchers (D)
  An ice dragon (D)
  6 hellions (D)
  A yaktaur (D)
  11 plants (D)
21 creatures vanquished.

Grand Total: 125 creatures vanquished

Notes
Turn   | Place    | Note
-------+----------+-------------------------------------------
     0 | D        | wojtek the Minotaur Berserker began the quest for the Orb.
     0 | D        | Reached XP level 1. HP: 19/19 MP: 0/0
     3 | D        | Reached skill level 4 in Axes
     4 | D        | Reached XP level 2. HP: 23/27 MP: 1/1
     9 | D        | Noticed Jessica
    11 | D        | Killed Jessica
    11 | D        | Reached ** piety under Trog
    11 | D        | Reached skill level 6 in Axes
    11 | D        | Reached XP level 3. HP: 30/35 MP: 2/2
    12 | D        | Reached skill level 5 in Fighting
    42 | D        | Noticed Crazy Yiuf
    46 | D        | Killed Crazy Yiuf
    46 | D        | Reached *** piety under Trog
    46 | D        | Reached skill level 7 in Axes
    46 | D        | Reached skill level 5 in Armour
    46 | D        | Reached XP level 4. HP: 44/44 MP: 3/3
    68 | D        | Killed a hellion
    68 | D        | Killed a hellion
    96 | D        | Noticed a water elemental
    99 | D        | Killed a water elemental
    99 | D        | Reached skill level 8 in Axes
    99 | D        | Reached skill level 5 in Dodging
    99 | D        | Reached XP level 5. HP: 51/51 MP: 4/4
   104 | D        | Killed a yaktaur
   125 | D        | Killed a hellion
   156 | D        | Found a radiant altar of Vehumet.
   156 | D        | Found a deep blue altar of Sif Muna.
   156 | D        | Found an ancient bone altar of Kikubaaqudgha.
   159 | D        | Noticed a sixfirhy
   162 | D        | Reached skill level 9 in Axes
   164 | D        | Reached **** piety under Trog
   171 | D        | Killed a white draconian scorcher
   179 | D        | Killed a white draconian scorcher
   189 | D        | Killed a hellion
   242 | D        | Killed a hellion
   245 | D        | Killed a hellion
   381 | D        | Found a glowing silver altar of Zin.
   382 | D        | Found a glowing golden altar of the Shining One.
   382 | D        | Found a white marble altar of Elyvilon.
   382 | D        | Noticed a deep elf mage
   390 | D        | Killed a deep elf mage
   390 | D        | Reached skill level 11 in Axes
   390 | D        | Reached XP level 6. HP: 60/63 MP: 5/5
   390 | D        | Reached XP level 7. HP: 66/70 MP: 6/6
   406 | D        | Found a hide-covered altar of Uskayaw.
   406 | D        | Found an iron altar of Okawaru.
   407 | D        | Found a roughly hewn altar of Beogh.
   407 | D        | Found a bloodstained altar of Trog.
   407 | D        | Found an ornate altar of the Wu Jian Council.
   407 | D        | Noticed a human
   407 | D        | Noticed a human
   416 | D        | Killed a human
   416 | D        | Reached ***** piety under Trog
   416 | D        | Reached skill level 12 in Axes
   419 | D        | Killed a human
   462 | D        | Found a shadowy altar of Dithmenos.
   466 | D        | Reached skill level 10 in Fighting
   466 | D        | Reached skill level 13 in Axes
   467 | D        | Found a basalt altar of Yredelemnul.
   467 | D        | Found a sacrificial altar of Ru.
   510 | D        | Noticed a shadow
   518 | D        | Killed a shadow
   518 | D        | Reached XP level 8. HP: 55/79 MP: 7/7
   607 | D        | Found a blossoming altar of Fedhas.
   607 | D        | Found a stormy altar of Qazlal.
   608 | D        | Found a snail-covered altar of Cheibriados.
   608 | D        | Found a burning altar of Makhleb.
   608 | D        | Found a hazy altar of Hepliaklqana.
   608 | D        | Found a shimmering altar of Xom.
   608 | D        | Found an opulent altar of Gozag.
   608 | D        | Found a sparkling altar of Nemelex Xobeh.
   608 | D        | Found a corrupted altar of Lugonu.
   608 | D        | Found a viscous altar of Jiyva.
   614 | D        | Reached skill level 10 in Armour
   647 | D        | Reached skill level 14 in Axes
   714 | D        | Reached ****** piety under Trog
   829 | D        | Noticed a two-headed ogre
   843 | D        | Killed a two-headed ogre
   843 | D        | Reached skill level 10 in Dodging
  1026 | D        | Noticed a two-headed ogre
  1026 | D        | Noticed Erolcha
  1030 | D        | Killed Erolcha
  1030 | D        | Received a gift from Trog
  1030 | D        | Reached skill level 15 in Axes
  1030 | D        | Reached XP level 9. HP: 90/90 MP: 8/8
  1036 | D        | Killed a two-headed ogre
  1039 | D        | Reached skill level 16 in Axes
  1081 | D        | Found Geonemor's Food Emporium.
  1091 | D        | Received a gift from Trog
  1101 | D        | Noticed an orc sorcerer
  1105 | D        | Noticed a sun demon
  1106 | D        | Noticed a smoke demon
  1108 | D        | HP: 3/90 [orc sorcerer/bolt of negative energy (10)]
  1110 | D        | Killed an orc sorcerer
  1111 | D        | Received a gift from Trog
  1123 | D        | Received a gift from Trog
  1523 | D        | Received a gift from Trog
  1536 | D        | Received a gift from Trog
  1540 | D        | Reached XP level 10. HP: 80/100 MP: 9/9
  1544 | D        | Reached skill level 17 in Axes
  1642 | D        | Received a gift from Trog
  1711 | D        | Got a jewelled war axe {god gift}
  1712 | D        | Identified the +4 war axe "Tirchack" {chop, rF+} (Trog gifted it to you in the Dungeon)
  1787 | D        | Received a gift from Trog
  2019 | D        | Noticed a spiny frog
  2019 | D        | Noticed a spiny frog
  2022 | D        | Killed a spiny frog
  2022 | D        | Reached skill level 18 in Axes
  2025 | D        | Killed a spiny frog
  2188 | D        | Received a gift from Trog
  2339 | D        | Noticed Rupert
  2345 | D        | Killed Rupert
  2345 | D        | Reached skill level 19 in Axes
  2345 | D        | Reached XP level 11. HP: 62/111 MP: 10/10
  2535 | D        | Noticed a dire elephant
  2547 | D        | Killed a dire elephant
  2547 | D        | Received a gift from Trog
  2547 | D        | Reached skill level 15 in Fighting
  2550 | D        | Noticed Gastronok
  2579 | D        | Killed Gastronok
  2579 | D        | Received a gift from Trog
  2579 | D        | Reached skill level 20 in Axes
  2579 | D        | Reached skill level 15 in Armour
  2584 | D        | Noticed a dire elephant
  2819 | D        | Killed a dire elephant
  2912 | D        | Noticed an azure jelly
  2912 | D        | Noticed an azure jelly
  2912 | D        | Noticed an azure jelly
  2912 | D        | Noticed an azure jelly
  3036 | D        | Noticed a death yak
  3037 | D        | Noticed a death yak
  3080 | D        | Received a gift from Trog
  3115 | D        | Reached skill level 21 in Axes
  3142 | D        | Noticed a death yak
  3142 | D        | Noticed a death yak
  3152 | D        | Killed a death yak
  3154 | D        | Killed a death yak
  3154 | D        | Reached XP level 12. HP: 101/122 MP: 11/11
  3160 | D        | Killed a death yak
  3166 | D        | Killed a death yak
  3166 | D        | Reached skill level 15 in Dodging
  3393 | D        | Noticed an ice dragon
  3406 | D        | Noticed an ice dragon
  3408 | D        | HP: 6/184 [ice dragon/blast of cold (27)]
  3408 | D        | Killed an ice dragon
  3409 | D        | Slain by an ice dragon

Skill      XL: |  1  2  3  4  5  6  7  8  9 10 11 12 |
---------------+-------------------------------------+-----
Fighting       | 4 5 6 9 10 11 12 14 16 | 16.4
Axes           | 4 6 7 8 11 13 15 16 19 21 | 21.6
Armour         | 3 4 5 8 9 11 12 14 16 | 16.2
Dodging        | 3 4 5 7 9 10 11 13 14 15 | 15.1

Action                   |  1- 3 |  4- 6 |  7- 9 | 10-12 || total
-------------------------+-------+-------+-------+-------++-------
Melee: Hand axe          |    10 |    11 |    73 |       ||    94
       Headbutt          |     6 |       |    28 |    28 ||    62
       Executioner's axe |       |       |    43 |   132 ||   175
Invok: Berserk           |     1 |     2 |     3 |     3 ||     9
       Burn Spellbooks   |       |     1 |       |       ||     1
       Brothers in Arms  |       |       |     1 |     1 ||     2
  Eat: Chunk             |       |     1 |     6 |     5 ||    12
       Ration            |       |       |     1 |       ||     1
Armor: Chain mail        |       |       |    35 |    44 ||    79
Dodge: Dodged            |     7 |    10 |    68 |    94 ||   179
